[Event "Team 45 45 League T34"]
[Site "Internet Chess Club"]
[Date "2007.07.21"]
[Round "1"]
[White "bobhill"]
[Black "Zebbile"]
[Result "0-1"]
[WhiteElo "2014"]
[BlackElo "2082"]
[Opening "Queen's pawn"]
[ECO "A40"]
[Time "11:02:21"]
[TimeControl "2700+45"]

1. d4 c6 2. Nf3 Nf6 3. Bg5 g6 4. Nbd2 d5 5. e3 Bg7 6. c4 O-O 7. Qb3 Qa5 8. Be2
Re8 9. O-O Ne4 10. Nxe4 dxe4 11. Ne5 Nd7 12. Nxd7 Qxg5 13. h4 Qxh4 14. Nc5 f5
15. a4 e5 16. Rfd1 b6 17. Na6 Qe7 18. Nb4 Bb7 19. a5 bxa5 20. Rxa5 exd4 21. exd4
Kh8 22. d5 e3 23. f4 Qh4 24. Nd3 Rab8 25. Rxa7 cxd5 26. Rxb7 Rbd8 27. c5 g5 28.
fxg5 Be5 29. Bf3 Bg3 30. Nc1 e2 31. Nxe2 Rxe2 32. Bxe2 Qh2+ {White resigns} 0-1

[Event "Team 45 45 League T34"]
[Site "Internet Chess Club"]
[Date "2007.07.21"]
[Round "1"]
[White "Hideaway"]
[Black "BaroneRosso"]
[Result "0-1"]
[WhiteElo "1881"]
[BlackElo "2044"]
[Opening "Sicilian defense"]
[ECO "B44"]
[Time "08:59:39"]
[TimeControl "2700+45"]

1. e4 c5 2. Nf3 e6 3. d4 cxd4 4. Nxd4 Nc6 5. Be3 Nf6 6. Bd3 Qc7 7. O-O a6 8. Qe1
Ne5 9. h3 Bc5 10. Qc3 d6 11. Nb3 Bb6 12. Bxb6 Qxb6 13. Qd2 Bd7 14. Nc3 O-O 15.
Kh1 Rac8 16. f4 Nc4 17. Bxc4 Rxc4 18. Rae1 Rd8 19. Rf3 Bc6 20. Qd3 d5 21. exd5
exd5 22. Rfe3 Rxf4 23. Kh2 {White resigns} 0-1

[Event "Team 45 45 League T34"]
[Site "Internet Chess Club"]
[Date "2007.07.22"]
[Round "1"]
[White "camembert"]
[Black "dalfonso"]
[Result "0-1"]
[WhiteElo "1899"]
[BlackElo "1920"]
[Opening "QGD Slav defense: exchange variation"]
[ECO "D10"]
[Time "09:16:08"]
[TimeControl "2700+45"]

1. d4 d5 2. c4 c6 3. cxd5 cxd5 4. Nc3 Nf6 5. Bf4 Nc6 6. e3 a6 7. Be2 Bf5 8. g4
Bg6 9. Qb3 Na5 10. Qa4+ Nc6 11. Qb3 Na5 12. Qa4+ Nc6 13. g5 Ne4 14. Nxe4 Bxe4
15. f3 Bf5 16. Rc1 Qd7 17. Kf2 e6 18. h4 Bd6 19. Bxd6 Qxd6 20. Bb5 Rc8 21. Bxc6+
Rxc6 22. Rxc6 Qxc6 23. Qxc6+ bxc6 24. Ne2 Kd7 25. Nc3 h6 26. f4 hxg5 27. fxg5
Kd6 28. Na4 e5 29. Nc5 Bc8 30. Kg3 exd4 31. exd4 Re8 32. Kf3 g6 33. Rf1 Kc7 34.
Rf2 Kb6 35. Re2 Bg4+ 36. Kxg4 Rxe2 37. Nd7+ Kc7 38. Ne5 Rf2 39. h5 gxh5+ 40.
Kxh5 Kd6 41. Kh6 c5 42. Nd3 Rh2+ 43. Kg7 c4 44. Ne5 Rxb2 45. Kxf7 Rf2+ 46. Kg7
c3 47. Nd3 Rxa2 48. g6 Rd2 49. Nc1 Rxd4 50. Kf7 Rf4+ 51. Kg8 d4 52. g7 Kd5 53.
Kh7 Rg4 {White resigns} 0-1

[Event "Team 45 45 League T34"]
[Site "Internet Chess Club"]
[Date "2007.07.22"]
[Round "1"]
[White "hewdondada"]
[Black "room-matt"]
[Result "1-0"]
[WhiteElo "1830"]
[BlackElo "1824"]
[Opening "Trompowsky attack (Ruth, Opocenský opening)"]
[ECO "A45"]
[Time "11:03:27"]
[TimeControl "2700+45"]

1. d4 Nf6 2. Bg5 d5 3. Bxf6 gxf6 4. Nf3 e6 5. e3 c6 6. Nc3 Bg7 7. Qd2 e5 8. e4
dxe4 9. Nxe4 f5 10. Ng3 e4 11. Ne5 O-O 12. O-O-O Re8 13. Qf4 Qf6 14. Nh5 Qh6 15.
Qxh6 Bxh6+ 16. Kb1 Re7 17. g3 Nd7 18. Bc4 Nxe5 19. dxe5 Bf8 20. Rd8 b5 21. Bb3
Bb7 22. Rhd1 a5 23. a3 a4 24. Ba2 c5 25. Rxa8 Bxa8 26. Bd5 Bxd5 27. Rxd5 Re6 28.
Nf6+ Kg7 29. Nd7 Rh6 30. h4 Rc6 31. Kc1 Be7 32. Kd2 Kg6 33. Ke3 h6 34. f3 exf3
35. Kxf3 b4 36. Kf4 bxa3 37. bxa3 c4 38. h5+ Kxh5 39. Kxf5 Rg6 40. Nf6+ Bxf6 41.
exf6 Rg5+ 42. Ke4 Kg6 43. Rxg5+ Kxg5 44. Kd4 c3 45. Kxc3 Kxf6 46. Kd4 Kf5 47. c4
Ke6 48. g4 Kd6 49. c5+ Kc6 50. Kc4 f6 51. Kb4 Kd5 52. Kb5 {Black resigns} 1-0

[Event "Team 45 45 League T34"]
[Site "Internet Chess Club"]
[Date "2007.07.22"]
[Round "1"]
[White "t-hobbes"]
[Black "AlPearson"]
[Result "0-1"]
[WhiteElo "1350"]
[BlackElo "1525"]
[Opening "French: advance, Paulsen attack"]
[ECO "C02"]
[Time "14:21:00"]
[TimeControl "2700+45"]

1. e4 e6 2. d4 d5 3. e5 c5 4. c3 Nc6 5. Nf3 Qb6 6. Be2 Nge7 7. a3 Nf5 8. Bg5
cxd4 9. cxd4 Qxb2 10. Nbd2 Nfxd4 11. Nxd4 Qxd4 12. O-O Qxe5 13. Nf3 Qb8 14. Bb5
Bd7 15. Nd4 Bd6 16. Rb1 Bxh2+ 17. Kh1 Qd6 18. Nf3 Bf4 19. Bh4 a6 20. Ba4 b5 21.
Bc2 Rc8 22. Qd3 Ne5 23. Nxe5 Qxe5 24. g3 Qh5 25. a4 Bd6 26. Rfc1 g5 27. Bd1 Rxc1
28. Rxc1 Qh6 29. Qe3 Bf4 30. Qd4 Bxc1 31. Qxh8+ Ke7 32. Qd4 Ba3 33. Qd2 Bd6 34.
Kg2 f6 35. Bg4 Qg7 36. Qe3 gxh4 37. axb5 axb5 38. Qa7 Qxg4 39. Qe3 Qe4+ 40. Qxe4
dxe4 41. gxh4 b4 {White resigns} 0-1

[Event "Team 45 45 League T34"]
[Site "Internet Chess Club"]
[Date "2007.07.18"]
[Round "1"]
[White "Zyme"]
[Black "Orforded"]
[Result "1-0"]
[WhiteElo "1509"]
[BlackElo "1263"]
[Opening "QGD: Marshall defense"]
[ECO "D06"]
[Time "19:50:47"]
[TimeControl "2700+45"]

1. d4 d5 2. c4 Nf6 3. cxd5 Qxd5 4. Nc3 Qf5 5. Nf3 Nc6 6. e3 Nb4 7. Kd2 Bd7 8. a3
Nc6 9. Bd3 Qg4 10. g3 O-O-O 11. Be2 Ne4+ 12. Nxe4 Qxe4 13. Qc2 Qd5 14. Qc4 e6
15. Qxd5 exd5 16. Ng5 Be6 17. Nxe6 fxe6 18. Bg4 Re8 19. b4 g6 20. Bb2 h5 21. Bh3
g5 22. Rhc1 g4 23. Bf1 Bh6 24. Bb5 Rhf8 25. Ke2 e5 26. Bxc6 bxc6 27. Rxc6 exd4
28. Bxd4 Kb7 29. Rxh6 Re4 30. Rc1 Rfe8 31. Kd3 R4e7 32. Rxh5 Rf7 33. Rf1 Rd8 34.
Rg5 Rh7 35. Rh1 Rd6 36. Rxg4 Ra6 37. Bb2 Rhh6 38. Rg7 Rh5 39. h4 Kc8 40. Rc1 c6
41. Rg6 Kc7 42. Rg5 Rh7 43. Rxd5 Rb6 44. Rg5 Rb8 45. Be5+ {Black resigns} 1-0

[Event "Team 45 45 League T34"]
[Site "Internet Chess Club"]
[Date "2007.07.22"]
[Round "1"]
[White "Chesnut"]
[Black "conron"]
[Result "1/2-1/2"]
[WhiteElo "1259"]
[BlackElo "1164"]
[Opening "Nimzo-Indian: three knights variation"]
[ECO "E21"]
[Time "18:08:15"]
[TimeControl "2700+45"]

1. d4 Nf6 2. c4 e6 3. Nc3 Bb4 4. Nf3 O-O 5. Bg5 h6 6. Bh4 d5 7. cxd5 exd5 8. Qb3
Bxc3+ 9. bxc3 c6 10. g3 g5 11. Nxg5 hxg5 12. Bxg5 Nbd7 13. Bg2 Qb6 14. O-O Qxb3
15. axb3 Kg7 16. c4 dxc4 17. bxc4 Nb6 18. Rfc1 Rd8 19. e3 Be6 20. c5 Nc4 21. Bf4
Bd5 22. Rcb1 Bxg2 23. Kxg2 Rd7 {Game drawn by mutual agreement} 1/2-1/2

[Event "Team 45 45 League T34"]
[Site "Internet Chess Club"]
[Date "2007.07.23"]
[Round "1"]
[White "WannaB"]
[Black "havertown"]
[Result "0-1"]
[WhiteElo "1095"]
[BlackElo "1228"]
[Opening "Scotch opening"]
[ECO "C44"]
[Time "20:04:02"]
[TimeControl "2700+45"]

1. e4 e5 2. Nf3 Nc6 3. d4 f6 4. a3 Nge7 5. Nc3 d5 6. exd5 Nxd5 7. Bb5 Nxc3 8.
Bxc6+ Bd7 9. Bxd7+ Qxd7 10. bxc3 O-O-O 11. O-O e4 12. Nd2 f5 13. c4 Qxd4 14. Nb3
Qxd1 15. Rxd1 Rxd1# {White checkmated} 0-1

[Event "Team 45 45 League T34"]
[Site "Internet Chess Club"]
[Date "2007.07.19"]
[Round "1"]
[White "nathesh"]
[Black "strudel"]
[Result "1-0"]
[WhiteElo "1332"]
[BlackElo "1486"]
[Opening "Sicilian: Pin variation (Sicilian counter-attack)"]
[ECO "B41"]
[Time "19:01:21"]
[TimeControl "2700+45"]

1. e4 c5 2. d4 e6 3. Nf3 cxd4 4. Nxd4 Nf6 5. Nc3 Bb4 6. Bg5 d6 7. Qd2 Nc6 8. Bb5
Bd7 9. O-O h6 10. Bh4 g5 11. Bg3 Nxe4 12. Qd3 Nxg3 13. hxg3 d5 14. a3 Be7 15. b4
Bf6 16. Nb3 b6 17. Rae1 O-O 18. f4 a6 19. fxg5 hxg5 20. Bxa6 Bxc3 21. Qxc3 Rxa6
22. Kf2 Rxa3 23. Rh1 f6 24. Rh6 Kf7 25. Qd3 f5 26. Qc3 Ke8 27. Qg7 Qe7 28. Qg6+
Qf7 29. Qxg5 Rxb3 30. cxb3 b5 31. Reh1 Ne5 32. Ke2 Qe7 33. Qf4 Nf7 34. Rh7 Qd6
35. Rxf7 Qxf4 36. Rxf8+ Kxf8 37. gxf4 Ke7 38. Ke3 Kd6 39. Kd4 Bc6 40. Rg1 Bd7
41. g4 Bc8 42. g5 {Black resigns} 1-0

[Event "Team 45 45 League T34"]
[Site "Internet Chess Club"]
[Date "2007.07.20"]
[Round "1"]
[White "beerss"]
[Black "DaMelch"]
[Result "1-0"]
[WhiteElo "1393"]
[BlackElo "1277"]
[Opening "Bird: From gambit"]
[ECO "A02"]
[Time "20:05:09"]
[TimeControl "2700+45"]

1. f4 e5 2. fxe5 Nc6 3. Nf3 d6 4. e3 dxe5 5. Bd3 Nf6 6. Nc3 Bb4 7. Ne4 O-O 8.
O-O Nxe4 9. Bxe4 f5 10. Bxc6 bxc6 11. Nxe5 Bb7 12. c3 Bd6 13. Qb3+ Kh8 14. Nf7+
Rxf7 15. Qxf7 {Black resigns} 1-0

[Event "Team 45 45 League T34"]
[Site "Internet Chess Club"]
[Date "2007.07.24"]
[Round "1"]
[White "rgadoury"]
[Black "Russ"]
[Result "0-1"]
[WhiteElo "1288"]
[BlackElo "1292"]
[Opening "Sicilian"]
[ECO "B50"]
[Time "10:01:56"]
[TimeControl "2700+45"]

1. e4 c5 2. Nf3 d6 3. Bc4 Nc6 4. c3 Nf6 5. d3 e6 6. Bg5 Be7 7. h3 O-O 8. Nbd2
Na5 9. Bb3 Nxb3 10. axb3 b5 11. e5 Nd5 12. Bxe7 Nxe7 13. exd6 Qxd6 14. Ne4 Qc7
15. O-O Bb7 16. Re1 Rfd8 17. Qc2 c4 18. bxc4 bxc4 19. d4 Bd5 20. Qe2 h6 21. Ne5
Rf8 22. g4 Ng6 23. Nxg6 fxg6 24. Nc5 Rae8 25. Ne4 Re7 26. f3 Ref7 27. Rf1 Qf4
28. Kg2 Qc7 29. h4 Qe7 30. Kh3 Rf4 31. Rf2 Bxe4 32. Re1 Rxf3+ 33. Rxf3 Rxf3+ 34.
Kg2 Re3+ 35. Kf2 Rxe2+ 36. Kxe2 Qxh4 {White resigns} 0-1

[Event "Team 45 45 League T34"]
[Site "Internet Chess Club"]
[Date "2007.07.19"]
[Round "1"]
[White "king4aknight"]
[Black "jocooper"]
[Result "1-0"]
[WhiteElo "1069"]
[BlackElo "1087"]
[Opening "King's pawn opening"]
[ECO "B07"]
[Time "23:04:18"]
[TimeControl "2700+45"]

1. e4 d6 2. Nc3 Nf6 3. Bc4 g6 4. Nf3 Bg7 5. O-O O-O 6. d3 c5 7. Ng5 e6 8. Qf3
Nbd7 9. Bxe6 fxe6 10. Nxe6 Ne5 11. Qh3 Bxe6 12. Qxe6+ Kh8 13. f4 Re8 14. Qb3 Nc6
15. Be3 Qd7 16. Rae1 Ng4 17. Bc1 Bd4+ 18. Kh1 Nf2+ 19. Rxf2 Bxf2 20. Rf1 Bd4 21.
Nd5 Qf7 22. c3 Be5 23. Qd1 Bg7 24. Rf3 Rac8 25. Rh3 h5 26. f5 Rf8 27. Bf4 Be5
28. Qf3 Bxf4 29. Qxf4 Ne5 30. Qh6+ Qh7 31. Qg5 Rce8 32. Nf4 Kg7 33. Nxh5+ Kf7
34. f6 Re6 35. Nf4 Rxf6 36. Rxh7+ Ke8 37. Rxb7 Rxf4 38. Rb8+ Kd7 39. Rb7+ Kc6
40. h3 Kxb7 41. Qe7+ Kb8 42. Qxd6+ Kb7 43. Qxe5 Kc6 44. d4 Kb5 45. Qxc5+ Ka6 46.
b4 Rxe4 47. Qa5+ Kb7 48. b5 Re6 49. d5 Rd6 50. c4 Rf4 51. c5 Rxd5 52. c6+ Ka8
53. Qc7 Rf1+ 54. Kh2 Rxb5 55. Qc8+ Rb8 56. Qa6 Rf6 57. g4 Rb6 58. Qc8+ Rb8 59.
Qd7 Rxc6 60. Qxc6+ Rb7 61. a4 Kb8 62. a5 Rc7 63. Qe8+ Rc8 64. Qb5+ Ka8 65. a6
Rb8 66. Qc6+ {Black resigns} 1-0

[Event "Team 45 45 League T34"]
[Site "Internet Chess Club"]
[Date "2007.07.21"]
[Round "1"]
[White "Morpheous"]
[Black "RD1974"]
[Result "1-0"]
[WhiteElo "1860"]
[BlackElo "1660"]
[Opening "QGD: 4.Bg5 Be7"]
[ECO "D53"]
[Time "12:05:33"]
[TimeControl "2700+45"]

1. d4 Nf6 2. c4 e6 3. Nc3 d5 4. Bg5 Be7 5. Nf3 h6 6. Bxf6 Bxf6 7. e3 O-O 8. Be2
b6 9. O-O Bb7 10. cxd5 exd5 11. Rc1 c5 12. dxc5 bxc5 13. Qb3 Bc6 14. Rfd1 d4 15.
exd4 cxd4 16. Qc4 a5 17. Nxd4 Qb6 18. Nxc6 Nxc6 19. Na4 Ne5 20. Nxb6 Nxc4 21.
Rxc4 Ra7 22. Nd7 Re8 23. Nxf6+ gxf6 24. Kf1 Rae7 25. Bg4 Rb8 26. b3 Re5 27. Rc7
h5 28. f4 Reb5 29. Be2 Rf5 30. g3 h4 31. Bc4 hxg3 32. hxg3 Kh8 33. Rxf7 Rh5 34.
Kg2 Re8 35. Rdd7 Rc8 36. Ra7 a4 37. Rxa4 f5 38. Raa7 Rd8 39. Bd3 Kg8 40. Bxf5
Rh6 41. Kf3 Re8 42. b4 Rh2 43. b5 Rb2 44. Rg7+ Kh8 45. Rh7+ Kg8 46. Rh6 Rbe2 47.
Bh7+ Kh8 48. Bd3+ Kg8 49. Bc4+ R2e6 50. Bxe6+ Rxe6 51. Rxe6 {Black resigns} 1-0

[Event "Team 45 45 League T34"]
[Site "Internet Chess Club"]
[Date "2007.07.23"]
[Round "1"]
[White "clarinetref"]
[Black "twinders"]
[Result "1-0"]
[WhiteElo "1630"]
[BlackElo "1608"]
[Opening "English: symmetrical, Benoni formation"]
[ECO "A31"]
[Time "10:04:03"]
[TimeControl "2700+45"]

1. Nf3 c5 2. c4 Nf6 3. d4 d5 4. dxc5 Qa5+ 5. Nc3 Ne4 6. Bd2 Nxd2 7. Qxd2 dxc4 8.
Qd5 e6 9. Qxc4 Qxc5 10. Qb3 Bd6 11. e3 O-O 12. Bd3 Nd7 13. O-O Nf6 14. Rac1 Qb4
15. Qc2 b6 16. a3 Qa5 17. Nb5 Rb8 18. Nxd6 h6 19. Nd4 Qh5 20. Qe2 Qh4 21. Nf3
Qa4 22. Bb5 Qb3 23. Rc3 Qd5 24. Rd1 Qh5 25. Rd4 Bb7 26. Nxb7 Rxb7 27. Rh4 Qf5
28. Bd3 Qa5 29. Qc2 b5 30. Rc8 Rb8 31. Rxf8+ Rxf8 32. Rb4 a6 33. Nd4 Qd8 34. a4
Nd5 35. Rb3 bxa4 36. Rb7 Qa5 37. Qe2 Rc8 38. g3 Nf6 39. Bxa6 Qd5 40. Nc2 Qc5 41.
Rb5 Qa7 42. Bxc8 {Black resigns} 1-0

[Event "Team 45 45 League T34"]
[Site "Internet Chess Club"]
[Date "2007.07.24"]
[Round "1"]
[White "GolfSuper"]
[Black "jazzyrick"]
[Result "0-1"]
[WhiteElo "1581"]
[BlackElo "1607"]
[Opening "Sicilian: Najdorf, Byrne (English) attack"]
[ECO "B90"]
[Time "16:34:25"]
[TimeControl "2700+45"]

1. e4 c5 2. Nf3 d6 3. d4 cxd4 4. Nxd4 Nf6 5. Nc3 a6 6. Be3 e5 7. Nb3 Be6 8. f3
Be7 9. Qd2 Nbd7 10. Be2 Qc7 11. O-O-O b5 12. g4 b4 13. Nd5 Bxd5 14. exd5 Nb6 15.
Bxb6 Qxb6 16. Kb1 O-O 17. h4 e4 18. fxe4 Nxe4 19. Qd4 Qxd4 20. Rxd4 Ng3 21. Rh2
a5 22. Nd2 Nxe2 23. Rxe2 Bxh4 24. Ne4 Rfe8 25. Rdd2 Rad8 26. Nxd6 Rxe2 27. Rxe2
Kf8 28. Nf5 Bg5 29. d6 g6 30. Ng3 Rxd6 31. a3 bxa3 32. bxa3 Rb6+ 33. Ka2 a4 34.
c4 Bf6 35. Rc2 Rc6 36. Ne4 Be7 37. Nf2 h5 38. gxh5 gxh5 39. Nd3 Bf6 40. Nb4 Rc5
41. Nd5 Be5 42. Nb6 Ra5 43. c5 Ke8 44. Nd5 Kd7 45. c6+ Kc8 46. Ne7+ Kc7 47. Nf5
Rd5 48. Ne3 Rd6 49. Nf5 Rxc6 50. Rxc6+ Kxc6 51. Kb1 Kd5 52. Kc2 Ke4 53. Nh6 f5
54. Kd1 Bb2 55. Kc2 Bxa3 56. Nf7 Be7 {White resigns} 0-1

[Event "Team 45 45 League T34"]
[Site "Internet Chess Club"]
[Date "2007.07.23"]
[Round "1"]
[White "ltcdi"]
[Black "PawnSensei"]
[Result "0-1"]
[WhiteElo "1406"]
[BlackElo "1469"]
[Opening "Scotch gambit: Dubois-Réti defense"]
[ECO "C55"]
[Time "23:50:02"]
[TimeControl "2700+45"]

1. e4 e5 2. Nf3 Nc6 3. d4 exd4 4. Bc4 Nf6 5. e5 Ne4 6. Bd5 Bb4+ 7. Kf1 Nc5 8. a3
Ba5 9. b4 Nxb4 10. axb4 Bxb4 11. Qxd4 Na6 12. Rxa6 bxa6 13. Bxa8 c5 14. Qd5 Qc7
15. Ba3 a5 16. Qd6 Qxd6 17. Be4 Qd1+ {White resigns} 0-1

[Event "Team 45 45 League T34"]
[Site "Internet Chess Club"]
[Date "2007.07.24"]
[Round "1"]
[White "Theodulf"]
[Black "mickeys"]
[Result "1-0"]
[WhiteElo "1665"]
[BlackElo "1652"]
[Opening "French: exchange variation"]
[ECO "C01"]
[Time "19:01:08"]
[TimeControl "2700+45"]

1. e4 e6 2. d4 d5 3. exd5 exd5 4. Bd3 Bd6 5. Nf3 Ne7 6. Nc3 O-O 7. O-O c6 8. Bg5
f6 9. Bd2 Bf5 10. Be2 Qc7 11. Re1 Nd7 12. Nh4 Bxh2+ 13. Kh1 Bd6 14. Nxf5 Nxf5
15. Bg4 Nxd4 16. Be3 Nb5 17. Nxb5 cxb5 18. Qxd5+ Kh8 19. Rad1 Ne5 20. Be2 Rfd8
21. Qxb5 Qe7 22. Rd2 a6 23. Qb3 Bc5 24. Rxd8+ Rxd8 25. Bxc5 Qxc5 26. f4 Qf2 27.
Qb4 Nc6 28. Qc3 Qxf4 29. Bf3 h5 30. Qe3 Qh4+ 31. Kg1 Ne5 32. Rf1 Nxf3+ 33. Qxf3
Qd4+ 34. Rf2 Qd5 35. Qxd5 Rxd5 36. c4 Rd4 37. Rc2 g5 38. Kf2 Kg7 39. Ke3 Rd6 40.
c5 Rc6 41. b4 b6 42. Kd4 bxc5+ 43. Kd5 Rc8 44. bxc5 Kf7 45. Kd6 Rd8+ 46. Kc7 Re8
47. c6 f5 48. Kb6 Re6 49. Kxa6 f4 50. Kb7 g4 51. c7 Re7 52. Kb8 Re8+ 53. c8=Q
Rxc8+ 54. Rxc8 f3 55. gxf3 g3 56. Rc5 Kg6 57. f4 h4 58. Rg5+ Kf6 59. a4 {Black
resigns} 1-0

[Event "Team 45 45 League T34"]
[Site "Internet Chess Club"]
[Date "2007.07.20"]
[Round "1"]
[White "GrandPoobah069"]
[Black "TrickyBishop"]
[Result "0-1"]
[WhiteElo "1627"]
[BlackElo "1703"]
[Opening "Sicilian: Alapin's variation (2.c3)"]
[ECO "B22"]
[Time "22:31:24"]
[TimeControl "2700+45"]

1. e4 c5 2. c3 e6 3. d4 cxd4 4. cxd4 d5 5. Nc3 Nf6 6. Bd3 dxe4 7. Bxe4 Nxe4 8.
Nxe4 Nc6 9. Nf3 Be7 10. O-O O-O 11. Bf4 Qb6 12. Qd2 Rd8 13. Be3 Qa6 14. Rfd1 b6
15. Nc3 Bb7 16. a3 Na5 17. Qd3 Qxd3 18. Rxd3 Nb3 19. Rad1 Ba6 20. Nb5 Bxb5 21.
Rxb3 Ba4 22. Rbd3 Bxd1 23. Rxd1 Rac8 24. Ne1 Bf6 25. Kf1 h6 26. Ke2 Bg5 27. f4
Bf6 28. Rd2 g5 29. Nf3 g4 30. Ne5 Bxe5 31. fxe5 h5 32. Kf2 Rc7 33. Kg3 Kg7 34.
Kh4 Kg6 35. Rf2 Rdc8 36. Rf6+ Kg7 37. Kxh5 Rc2 38. g3 Rxh2+ 39. Kxg4 Rxb2 40.
Bh6+ Kg8 41. Bg5 Ra2 42. Rf3 a5 43. Be7 Rc4 44. Rd3 Rac2 45. Bd6 R4c3 46. Rd1
Rg2 47. Rb1 Rgxg3+ 48. Kh4 Rb3 49. Rc1 Rgd3 50. Be7 Rxd4+ 51. Kh5 Rh3+ 52. Kg5
Rg3+ 53. Kh5 Kh7 54. Rc8 Rg8 55. Rc7 Rb8 56. Bd6 Kg8 57. Kg5 Rd8 58. Kh6 Rd1 59.
Be7 Rb8 60. Bf6 Kf8 61. Kg5 Ke8 62. Re7+ Kf8 63. Rc7 b5 64. Be7+ Kg8 65. Rc2 Rd5
66. Bf6 Kf8 67. Rh2 Ke8 68. Rh8+ Kd7 69. Rxb8 Kc6 70. Kf4 Rd3 71. Be7 Rd7 72.
Bd6 Rb7 73. Rc8+ Kd7 74. Rf8 Kc6 75. Rc8+ Kd7 76. Rc1 b4 77. Rb1 b3 78. Ke3 f6
79. Kd3 fxe5 80. Bxe5 a4 81. Kc4 Ke7 82. Rb2 Kf7 83. Rg2 Ke8 84. Rg8+ Kd7 85.
Rg7+ Kc6 86. Rg2 Rb5 87. Rd2 Rxe5 88. Kb4 Rb5+ 89. Kc3 b2 90. Rxb2 Rxb2 91. Kxb2
Kc5 92. Kc3 e5 93. Kd3 Kd5 94. Ke3 Kc4 95. Ke4 Kb3 96. Kxe5 Kxa3 97. Kd4 Kb2
{White resigns} 0-1

[Event "Team 45 45 League T34"]
[Site "Internet Chess Club"]
[Date "2007.07.19"]
[Round "1"]
[White "Invicta-Knight"]
[Black "IronWill"]
[Result "0-1"]
[WhiteElo "1529"]
[BlackElo "1531"]
[Opening "Scandinavian: Kiel variation"]
[ECO "B01"]
[Time "14:17:56"]
[TimeControl "2700+45"]

1. e4 d5 2. exd5 Nf6 3. d4 Nxd5 4. c4 Nb4 5. Qa4+ N8c6 6. a3 Na6 7. d5 Nc5 8.
Qb5 e6 9. dxc6 b6 10. Qb4 Nd3+ 11. Bxd3 Bxb4+ 12. axb4 Qxd3 {White resigns} 0-1

[Event "Team 45 45 League T34"]
[Site "Internet Chess Club"]
[Date "2007.07.22"]
[Round "1"]
[White "Russ"]
[Black "Relapse"]
[Result "1/2-1/2"]
[WhiteElo "1275"]
[BlackElo "1597"]
[Opening "King's Indian: Petrosian system, Stein variation"]
[ECO "E92"]
[Time "15:02:39"]
[TimeControl "2700+45"]

1. d4 Nf6 2. c4 g6 3. Nc3 Bg7 4. e4 d6 5. Nf3 O-O 6. Be2 e5 7. d5 a5 8. O-O Na6
9. a3 Bd7 10. Be3 Ng4 11. Bg5 Nf6 12. Qd2 Nc5 13. Qc2 Qe8 14. b4 Na6 15. Rfb1 h6
16. Bc1 Nh7 17. Ne1 f5 18. f3 fxe4 19. Nxe4 Nf6 20. Bd3 Nxe4 21. Bxe4 Bf5 22.
Qe2 Nb8 23. c5 Nd7 24. Nd3 Qf7 25. Bd2 Bxe4 26. fxe4 a4 27. Rf1 Qe7 28. Rxf8+
Rxf8 29. Rf1 Rxf1+ 30. Qxf1 dxc5 31. bxc5 Nxc5 32. Bb4 b6 33. Nxc5 bxc5 34. Bc3
Qg5 35. Qe1 Bf8 36. Bd2 Qe7 37. Qc1 Kh7 38. Qc4 Qd7 39. h3 c6 40. Be3 cxd5 41.
exd5 Qa7 42. Qb5 h5 43. g4 hxg4 44. hxg4 Bh6 45. g5 Bf8 46. Kg2 Bd6 {Game drawn
by mutual agreement} 1/2-1/2

[Event "Team 45 45 League T34"]
[Site "Internet Chess Club"]
[Date "2007.07.20"]
[Round "1"]
[White "curtintime"]
[Black "seldredg"]
[Result "1-0"]
[WhiteElo "1402"]
[BlackElo "1446"]
[Opening "Scandinavian: Pytel-Wade variation"]
[ECO "B01"]
[Time "21:01:20"]
[TimeControl "2700+45"]

1. e4 d5 2. exd5 Qxd5 3. Nc3 Qd6 4. Nf3 Nf6 5. d3 a6 6. g3 Bg4 7. Bg2 Nc6 8. Be3
e5 9. O-O Qd7 10. Qd2 Bh3 11. Rfe1 Bxg2 12. Kxg2 Be7 13. Bg5 h6 14. Bxf6 gxf6
15. a3 h5 16. Re4 O-O-O 17. b4 f5 18. Nxe5 Nxe5 19. Rxe5 Bd6 20. Rd5 h4 21. Qg5
Qc6 22. Qxf5+ Rd7 23. Ne4 hxg3 24. Nxd6+ cxd6 25. hxg3 Kb8 26. c4 Re8 27. Qf3
Re5 28. Rxe5 Qxf3+ 29. Kxf3 dxe5 30. Rd1 f5 31. g4 Rd4 32. gxf5 Rf4+ 33. Ke2
Rxf5 34. Ke3 Kc7 35. b5 Kd6 36. bxa6 bxa6 37. Rb1 Kc5 38. Rb4 Rf4 39. Rb8 Kc6
40. Re8 Kd6 41. Ra8 Ke6 42. Rxa6+ Kf5 43. Ra5 Kg4 44. Rxe5 Rf3+ 45. Ke2 Rf8 46.
d4 Ra8 47. Re3 Ra4 48. Rc3 Kf4 49. Kd3 Kf3 50. d5 Kf4 51. c5 Ke5 52. c6 Rd4+ 53.
Ke3 Re4+ 54. Kf3 Rf4+ 55. Kg3 Rf8 56. c7 Rc8 57. a4 Kxd5 58. a5 Kd4 59. Rc1 Kd3
60. a6 Ke2 61. a7 Rg8+ 62. Kh4 Rh8+ 63. Kg5 Rg8+ 64. Kh6 Rg2 65. a8=Q Rh2+ 66.
Kg5 Rxf2 67. Qe4+ {Black resigns} 1-0

[Event "Team 45 45 League T34"]
[Site "Internet Chess Club"]
[Date "2007.07.22"]
[Round "1"]
[White "thalamus"]
[Black "slakkjaw"]
[Result "0-1"]
[WhiteElo "1376"]
[BlackElo "1215"]
[Opening "Vienna game"]
[ECO "C28"]
[Time "19:24:18"]
[TimeControl "2700+45"]

1. e4 e5 2. Bc4 Nf6 3. Nc3 Nc6 4. d3 d6 5. f4 Bg4 6. Nf3 Qd7 7. Ne2 g6 8. h3
Bxf3 9. gxf3 O-O-O 10. Be3 d5 11. Bb3 d4 12. Bd2 Bd6 13. c3 Rhe8 14. cxd4 exd4
15. e5 Bc5 16. exf6 Qf5 17. Bxf7 Re7 18. Bc4 Qxf6 19. a3 g5 20. b4 Bd6 21. b5
Nb8 22. Qa4 Bc5 23. Bb4 Bxb4+ 24. Qxb4 gxf4 25. Kd2 Qh4 26. a4 Rde8 27. a5 Qf2
28. Rhe1 Rxe2+ 29. Rxe2 Rxe2+ 30. Kd1 Qxf3 31. Be6+ Rxe6+ 32. Kc2 Re2+ 33. Kb3
Qxd3+ 34. Ka4 Qc2+ 35. Qb3 Qxb3+ 36. Kxb3 Re3+ 37. Kc4 d3 38. Rd1 Rxh3 39. Rxd3
Rxd3 40. Kxd3 a6 41. b6 cxb6 42. axb6 a5 {White resigns} 0-1

[Event "Team 45 45 League T34"]
[Site "Internet Chess Club"]
[Date "2007.07.20"]
[Round "1"]
[White "Gomer"]
[Black "moreffee"]
[Result "0-1"]
[WhiteElo "1195"]
[BlackElo "1201"]
[Opening "Sicilian: closed"]
[ECO "B23"]
[Time "17:30:37"]
[TimeControl "2700+45"]

1. e4 c5 2. Nc3 d6 3. Nf3 a6 4. d4 cxd4 5. Qxd4 Nc6 6. Qd2 Nf6 7. Bc4 Bg4 8. Qe3
Rc8 9. Bb3 g6 10. h3 Bxf3 11. Qxf3 Nd4 12. Qd3 Nxb3 13. axb3 Bg7 14. O-O O-O 15.
Nd5 Nd7 16. c3 e6 17. Ne3 Ne5 18. Qe2 Qd7 19. Ng4 Nxg4 20. Qxg4 f5 21. Qe2 f4
22. f3 e5 23. Rd1 Rf6 24. Qd3 Bf8 25. Qd5+ Kh8 26. c4 Rc5 27. Qd3 Qc6 28. Bd2
Qb6 29. Be1 Qc7 30. Bb4 Rc6 31. Ra5 Be7 32. Bc3 Qb6+ 33. Kh2 Qxb3 34. Ra3 Qxc4
35. Qd2 Rf8 36. Bb4 Rd8 37. Rc1 Qxc1 38. Qd5 Bh4 39. g3 Rc2+ 40. Bd2 Rxd2+
{White resigns} 0-1

[Event "Team 45 45 League T34"]
[Site "Internet Chess Club"]
[Date "2007.07.22"]
[Round "1"]
[White "gilalva"]
[Black "Prop"]
[Result "0-1"]
[WhiteElo "1166"]
[BlackElo "1232"]
[Opening "King's gambit"]
[ECO "C30"]
[Time "16:04:44"]
[TimeControl "2700+45"]

1. e4 e5 2. f4 d6 3. Nf3 Bg4 4. d3 Bxf3 5. Qxf3 Nc6 6. f5 Nd4 7. Qd1 d5 8. c3
Nc6 9. h4 d4 10. c4 Qd6 11. a3 O-O-O 12. Qg4 g6 13. fxg6+ Qd7 14. Qxd7+ Rxd7 15.
h5 hxg6 16. Be2 Nf6 17. h6 Rd8 18. Bg5 Be7 19. O-O Nh5 20. Bg4+ Kb8 21. Bxe7
Nxe7 22. Rxf7 Nc6 23. Bxh5 gxh5 24. Nd2 Rxh6 25. Raf1 Rhh8 26. b4 b6 27. R1f6
Kb7 28. Nf3 h4 29. Rf5 Rdg8 30. Nxe5 h3 31. Nf3 hxg2 32. Ng5 Rh5 33. Nh7 Rh1+
34. Kf2 g1=Q+ {White resigns} 0-1